Map: Cerulean Fall LE

Players

SortOf - Winner!

  • Race: Zerg Zerg
  • League: Master
  • Spawn Location: 1:00

Clem

  • Race: Terran Terran
  • League: Master
  • Spawn Location: 7:00

Event: HomeStory Cup XVIII

VOD

Have the link to the VOD?

Description

Time

  • Played on: Nov. 23, 2018, 12:32 p.m.
  • Length: 18:08

All games in this series

Show
View Real Time Build Order
Export as new Build Order

SortOf Zerg - Winner!

Build Orders: Hatch First 

Get SALT Encoding   

  12  0:00  Drone  
  13  0:12  Overlord  
  13  0:17  Drone  
  14  0:30  Drone x2  
  16  0:48  Hatchery  
  15  0:51  Drone  
  15  0:55  Drone  
  17  0:58  Drone  
  18  1:10  Extractor  
  17  1:14  Spawning Pool  
  17  1:17  Drone  
  17  1:20  Drone  
  18  1:30  Drone  
  19  1:39  Drone  
  20  1:49  Drone  
  20  1:50  Hatchery  
  20  2:00  Queen  
  22  2:03  Zergling x2  
  22  2:05  Zergling x2  
  24  2:11  Drone  
  24  2:15  Overlord  
  25  2:22  Drone x2  
  27  2:32  Queen  
  27  2:35  Drone x2  
  31  2:45  Queen  
  31  2:46  Metabolic Boost  
  31  2:50  Drone  
  34  2:52  Drone  
  34  2:57  Drone  
  36  3:02  Overlord  
  36  3:05  Drone x2  
  38  3:10  Queen  
  40  3:15  Drone x2  
  40  3:19  Overlord  
  42  3:22  Drone  
  42  3:25  Queen  
  45  3:27  Drone  
  45  3:31  Drone x2  
  48  3:39  Queen  
  50  3:41  Drone  
  50  3:44  Zergling x4  
  53  3:51  Queen  
  55  3:56  Zergling x2  
  55  3:57  Drone x2  
  55  3:59  Overlord  
  58  4:03  Overlord  
  58  4:12  Evolution Chamber  
  58  4:13  Evolution Chamber  
  58  4:15  Drone x2  
  58  4:20  Zergling x6  
  58  4:21  Drone, Zergling x2  
  58  4:23  Drone  
  65  4:24  Drone x6  
  65  4:26  Drone  
  71  4:34  Drone x2  
  71  4:35  Drone  
  71  4:36  Overlord  
  74  4:48  Overlord  
  74  4:56  Queen x2  
  74  4:58  Overlord  
  78  5:03  Queen  
  78  5:04  Zergling x4  
  79  5:10  Zergling x4  
  79  5:17  Zergling x2  
  79  5:18  Zergling x18  
  79  5:21  Zerg Ground Armor Level 1, Zerg Melee Weapons Level 1  
  81  5:22  Zergling x2  
  81  5:26  Zergling x2  
  79  5:30  Drone x2  
  79  5:31  Queen  
  79  5:32  Queen, Spore Crawler  
  79  5:34  Spore Crawler x2  
  77  5:43  Drone  
  77  5:46  Drone x3  
  79  5:50  Extractor  
  79  5:51  Lair, Roach Warren  
  79  5:55  Zergling x4  
  79  5:56  Zergling x2  
  75  6:03  Baneling Nest, Hatchery  
  73  6:04  Drone  
  73  6:05  Drone  
  73  6:07  Drone  
  76  6:12  Drone  
  76  6:15  Drone  
  76  6:17  Overlord  
  76  6:18  Drone x2, Hatchery  
  79  6:19  Extractor  
  79  6:20  Extractor  
  74  6:31  Zergling x12  
  77  6:37  Drone  
  77  6:38  Drone  
  77  6:39  Drone x2  
  81  6:40  Drone  
  81  6:43  Drone x3  
  81  6:46  Drone x2  
  85  6:49  Drone  
  85  6:52  Overlord  
  84  6:57  Drone  
  82  7:03  Drone x3  
  82  7:08  Drone x2  
  81  7:14  Drone x2  
  78  7:22  Drone x5  
  80  7:23  Drone x2  
  80  7:27  Centrifical Hooks  
  80  7:34  Drone x2  
  80  7:35  Overlord  
  79  7:43  Zergling x8  
  83  7:46  Extractor  
  83  7:47  Extractor  
  83  7:49  Zergling x4  
  83  7:53  Queen x2, Hydralisk Den  
  83  7:55  Zergling x2  
  83  7:56  Zergling x10  
  92  8:00  Zerg Ground Armor Level 2  
  92  8:02  Zergling x4  
  94  8:07  Overlord  
  94  8:08  Zergling x10  
  94  8:10  Baneling x5  
  99  8:19  Zergling x16  
  105  8:20  Queen  
  99  8:30  Zergling x14  
  101  8:34  Zergling x6  
  101  8:37  Baneling x4  
  101  8:39  Queen, Zergling x12  
  104  8:50  Hydralisk x3, Muscular Augments  
  104  8:54  Drone x3  
  113  8:56  Queen  
  113  8:58  Baneling x2  
  113  9:00  Baneling x7  
  114  9:05  Drone x4  
  114  9:08  Hydralisk  
  119  9:23  Zergling x26  
  127  9:29  Baneling x6  
  126  9:32  Queen  
  124  9:40  Zergling x18  
  129  9:53  Infestation Pit  
  129  9:54  Zerg Melee Weapons Level 2  
  129  9:57  Overlord, Hydralisk x2  
  132  10:01  Overseer  
  132  10:02  Grooved Spines  
  132  10:07  Hatchery  
  132  10:12  Hydralisk x3  
  132  10:13  Hydralisk  
  133  10:24  Zergling x16  
  138  10:30  Zergling x4  
  130  10:37  Zergling x20  
  123  10:50  Zergling x2  
  123  10:51  Zergling x8  
  126  11:02  Zergling x10  
  118  11:06  Hydralisk x2  
  118  11:09  Zerg Missile Weapons Level 1  
  118  11:11  Baneling x12  
  121  11:14  Hydralisk x8  
  121  11:15  Zergling x2  
  138  11:21  Baneling x2  
  138  11:28  Zergling x14  
  139  11:42  Zergling x4  
  139  11:45  Zergling x18  
  138  11:51  Zergling x6  
  136  11:56  Zergling x2  
  136  11:57  Zergling x4  
  136  11:59  Hatchery  
  138  12:03  Zergling x6  
  138  12:06  Hive  
  141  12:16  Zergling x2  
  141  12:17  Overlord x3  
  141  12:18  Baneling x4  
  141  12:21  Overlord  
  142  12:22  Overlord  
  142  12:27  Baneling x11  
  142  12:28  Baneling  
  138  12:41  Hydralisk x10  
  138  12:42  Zergling x4  
  149  12:57  Zergling x8  
  149  12:58  Zergling x14  
  141  13:04  Zergling x6  
  141  13:05  Zergling x2  
  139  13:26  Hatchery  
  138  13:27  Zergling x20  
  138  13:30  Overseer  
  138  13:31  Baneling x4  
  148  13:37  Drone x5  
  153  13:45  Zergling x10  
  146  14:04  Zergling x8  
  146  14:05  Zergling x22  
  146  14:09  Baneling  
  161  14:10  Baneling x3  
  161  14:13  Viper  
  161  14:15  Overlord x2  
  164  14:18  Drone x2  
  166  14:30  Hatchery  
  165  14:31  Zerg Ground Armor Level 3  
  165  14:35  Zerg Melee Weapons Level 3  
  163  14:48  Viper x2  
  169  14:53  Zergling x2  
  169  14:54  Zergling x22  
  169  14:56  Baneling x10  
  169  14:59  Baneling x9  
  181  15:05  Baneling x6  
  181  15:07  Adrenal Glands  
  177  15:23  Zergling x20  
  170  15:39  Overlord, Zergling x2  
  170  15:40  Zergling x34  
  186  15:43  Spire  
  186  15:45  Baneling x13  
  182  15:56  Zergling x22  
  169  16:15  Hydralisk x6  
  168  16:20  Zergling x2  
  168  16:22  Zergling x14  
  170  16:27  Hydralisk x4  
  170  16:32  Zergling x2  
  160  16:43  Zergling x16  
  160  16:45  Hydralisk x6  
  165  16:50  Baneling x7  
  151  17:02  Zergling x10  
  151  17:03  Zergling x6  
  151  17:05  Baneling x6  
  148  17:18  Zergling x28  
  154  17:30  Zergling x2  
  154  17:31  Zergling x20  
  162  17:40  Baneling x4  
  161  17:46  Zergling x16  
Show
View Real Time Build Order
Export as new Build Order

Clem Terran 

Build Orders: Gas First Reaper Expand, Hellion Opening, Reaper Expand 

Get SALT Encoding   

  12  0:00  SCV  
  13  0:12  SCV  
  14  0:17  Supply Depot  
  14  0:24  SCV  
  15  0:29  Refinery  
  15  0:39  SCV  
  16  0:45  Barracks  
  16  0:51  SCV  
  17  1:03  SCV  
  18  1:15  SCV  
  19  1:31  Reaper  
  19  1:32  Orbital Command  
  20  1:46  Command Center  
  20  1:56  Factory  
  20  1:58  SCV  
  21  2:06  Barracks Reactor  
  21  2:10  Supply Depot  
  21  2:13  SCV  
  22  2:18  Refinery  
  22  2:26  SCV  
  23  2:38  SCV  
  24  2:46  Starport  
  24  2:48  Hellion  
  24  2:50  Hellion  
  28  2:51  SCV  
  28  2:52  Barracks Tech Lab  
  29  3:01  Orbital Command  
  29  3:04  SCV  
  30  3:12  Marauder  
  32  3:16  Hellion  
  36  3:20  Hellion  
  36  3:23  SCV  
  37  3:28  Viking  
  39  3:37  Supply Depot  
  39  3:40  Hellion  
  41  3:42  Marauder  
  41  3:45  SCV  
  46  3:48  Hellion  
  46  3:58  SCV  
  46  3:59  Medivac  
  46  4:00  Supply Depot  
  49  4:04  Armory  
  49  4:06  SCV  
  50  4:10  Marauder  
  50  4:16  Hellion  
  54  4:22  Hellion  
  56  4:24  Supply Depot  
  56  4:29  Liberator  
  56  4:30  SCV x2  
  58  4:40  Hellion  
  58  4:41  Stimpack  
  58  4:42  SCV  
  61  4:46  Hellion  
  61  4:50  SCV  
  67  4:54  SCV  
  66  5:02  SCV  
  66  5:07  Command Center, SCV  
  68  5:12  Hellion  
  69  5:14  SCV  
  69  5:16  Hellion  
  69  5:19  SCV  
  69  5:24  Marine  
  69  5:27  SCV  
  65  5:31  SCV  
  65  5:33  Starport Reactor  
  65  5:35  Hellion  
  66  5:37  Hellion  
  68  5:43  Barracks  
  68  5:44  Barracks  
  68  5:45  SCV  
  67  5:53  Marine  
  67  5:55  SCV  
  65  6:03  Engineering Bay  
  65  6:04  Engineering Bay  
  64  6:05  Supply Depot  
  64  6:06  Factory Tech Lab  
  64  6:09  SCV  
  64  6:10  Refinery x2  
  65  6:12  Marine  
  65  6:15  SCV  
  67  6:21  SCV, Orbital Command  
  67  6:25  Bunker  
  68  6:27  SCV  
  68  6:28  Siege Tank  
  72  6:33  SCV  
  72  6:37  Terran Infantry Weapons Level 1  
  72  6:38  Barracks  
  72  6:39  SCV  
  74  6:40  Terran Infantry Armor Level 1, Barracks  
  74  6:45  Combat Shield, SCV  
  74  6:46  Orbital Command  
  73  6:48  Marine x2  
  73  6:50  Barracks Reactor  
  73  6:51  SCV  
  73  6:52  Marine  
  77  6:54  Medivac  
  77  6:55  Medivac  
  72  7:02  Siege Tank  
  72  7:06  Marine x2  
  69  7:09  Marine, SCV  
  69  7:10  SCV  
  69  7:14  SCV  
  60  7:24  Reaper, Marine  
  60  7:27  Marine, Barracks Reactor x2  
  59  7:31  SCV  
  60  7:41  SCV x2  
  60  7:42  Marine x2  
  60  7:43  SCV  
  65  7:46  Medivac  
  65  7:49  Widow Mine  
  69  7:53  SCV  
  69  7:55  SCV x2  
  72  7:58  Marine x2  
  72  8:04  Supply Depot x2  
  74  8:05  SCV  
  74  8:06  Marine  
  74  8:07  Marine, SCV  
  74  8:10  Marine  
  77  8:17  Marine x3  
  77  8:18  Siege Tank  
  77  8:19  SCV  
  84  8:21  Medivac  
  83  8:31  Marine  
  83  8:32  Marine  
  83  8:34  Marine x2  
  79  8:35  Medivac  
  79  8:36  SCV  
  79  8:38  SCV x2  
  79  8:39  Terran Infantry Weapons Level 2  
  85  8:48  Marine x2, SCV  
  83  8:49  Barracks  
  83  8:51  Barracks  
  83  8:52  Siege Tank  
  83  8:53  Liberator  
  83  8:55  SCV x2  
  90  8:59  Marine, Liberator  
  90  9:00  Supply Depot, Marine, SCV  
  90  9:01  Supply Depot  
  93  9:08  Concussive Shells  
  97  9:10  Marine  
  97  9:11  Marine x3  
  103  9:24  Marine x4  
  101  9:28  Siege Tank  
  101  9:29  Marine  
  101  9:30  Marine  
  107  9:31  SCV  
  104  9:39  Marine  
  104  9:41  Barracks Reactor x2  
  105  9:49  Supply Depot  
  103  9:54  Supply Depot x2  
  103  9:58  Supply Depot  
  103  10:00  Siege Tank  
  103  10:03  Marine x8  
  103  10:06  Medivac  
  116  10:16  Marine  
  116  10:18  Marine  
  116  10:20  Marine  
  116  10:21  Marine x5  
  117  10:26  Marine  
  117  10:28  Liberator  
  114  10:32  SCV  
  113  10:35  SCV  
  113  10:40  Siege Tank  
  112  10:45  Marine x3  
  112  10:47  SCV  
  110  10:50  SCV  
  110  10:51  Marine x3  
  106  11:00  Marine  
  106  11:01  SCV  
  101  11:09  Marine x12  
  110  11:17  Terran Infantry Armor Level 2  
  110  11:18  Refinery  
  107  11:19  Marine  
  108  11:27  Marine x5  
  113  11:35  Medivac  
  110  11:44  Marine  
  110  11:45  Marine  
  110  11:46  Marine x11  
  107  11:50  Siege Tank  
  98  11:57  Medivac  
  96  12:01  Marine  
  96  12:03  Marine  
  96  12:04  Marine x11  
  106  12:19  Marine  
  106  12:20  Marine  
  106  12:21  Marine  
  106  12:22  Marine x5, Siege Tank  
  114  12:23  Marine x4  
  114  12:28  Command Center  
  114  12:29  Unknown x2  
  121  12:36  Marauder  
  123  12:46  Marine  
  116  12:54  Siege Tank  
  116  12:57  Marine  
  116  12:58  Marauder  
  109  13:04  Marine  
  109  13:05  Marine x9  
  107  13:14  Marine x2  
  107  13:18  Marine  
  107  13:19  Terran Infantry Weapons Level 3  
  107  13:26  Siege Tank  
  107  13:27  Marine  
  110  13:31  Marine x5  
  110  13:32  Marine x2  
  118  13:37  Marauder, Marine x3, Orbital Command x2  
  118  13:38  Orbital Command  
  123  13:42  Marine  
  123  13:46  Marine  
  124  13:50  Marine  
  124  13:55  Marine  
  122  13:58  Marauder, Siege Tank  
  104  14:04  Medivac  
  104  14:05  Marine x3  
  104  14:09  Marine  
  91  14:12  Marine, Medivac  
  91  14:13  Marine x3  
  91  14:16  Marine  
  98  14:30  SCV x3  
  102  14:31  Orbital Command  
  102  14:33  Marauder  
  102  14:34  Medivac  
  105  14:41  Unknown  
  105  14:43  Siege Tank  
  105  14:44  Marine  
  109  14:46  Marine  
  109  14:51  Marine  
  111  14:55  Marauder  
  111  14:57  Marine x6  
  119  15:03  SCV x3  
  119  15:04  SCV  
  123  15:07  Medivac  
  123  15:10  Medivac  
  127  15:16  Marauder  
  127  15:18  Marine  
  127  15:19  Marine, Siege Tank  
  133  15:21  Orbital Command  
  133  15:22  Marine x5  
  133  15:23  Marine x2  
  133  15:25  Supply Depot  
  133  15:28  Marine x3  
  140  15:29  Supply Depot  
  114  15:37  Marauder  
  111  15:47  Supply Depot  
  111  15:48  Supply Depot  
  111  15:49  Bunker  
  111  15:51  Siege Tank  
  111  15:53  Marine  
  111  15:55  Marine  
  99  15:58  Marine  
  99  15:59  Marauder  
  99  16:00  Marine  
  99  16:03  Marine  
  92  16:04  Marine  
  89  16:17  Marine x6  
  91  16:20  Marauder  
  87  16:25  Siege Tank  
  87  16:26  Marine  
  89  16:40  Marine x3  
  87  16:48  Medivac  
  87  16:49  Marine  
  90  16:56  Orbital Command  
  90  16:58  Siege Tank  
  90  17:01  Marine x3  
  91  17:03  Marine  
  91  17:05  Marine x4  
  88  17:22  Marine x3  
  83  17:23  Marine  
  83  17:25  Marine  
  83  17:30  Siege Tank  
  83  17:35  Marine x2, Marauder  
  85  17:38  Marine x2  
  85  17:39  Marine  
Tags
 
Add a new tag
Caveats
  • Supply blocks, unpowered buildings, or Contaminate may cause inaccurate times.
  • Supply counts are checked every 10 seconds.